 Dungeon Crawl Stone Soup version 0.31-a0-1405-g2bb1a01664 (webtiles) character file.

Game seed: 2402356001786327159

6484 BigPumpCobain the Grappler (level 10, -5/104 HPs)
             Began as a Troll Shapeshifter on Dec 25, 2023.
             Was a Priest of Lugonu.
             Slain by a warg (13 damage)
             ... on level 10 of the Dungeon.
             The game lasted 00:12:34 (6389 turns).

BigPumpCobain the Grappler (Troll Shapeshifter)     Turns: 6389, Time: 00:12:34

Health: -5/104     AC: 12    Str: 32 (34) XL:     10   Next: 68%
Magic:  9/9        EV:  8    Int:  4 (6)  God:    Lugonu [***...]
Gold:   428        SH:  0    Dex:  8 (9)  Spells: 9/9 levels left

rFire   x .          .
                       - Unarmed
rCold   + + .        (no shield)
rNeg    . . .        l - +1 ice dragon scales
rPois   .            (helmet currently unavailable)
rElec   .            (cloak currently unavailable)
rCorr   .            (gloves unavailable)
SInv    .            (boots unavailable)
Will    .....        r - amulet of regeneration Stlth
                     L - +4 ring of slaying
HPRegen 1.97/turn    D - +6 ring of strength
MPRegen 0.11/turn

%: no passive effects
@: about to teleport, beast-form
A: beast (slay +4), large, unfitting armour, claws 3, regeneration 1, shaggy fur
1, tough skin 1
a: Begin Untransformation, Renounce Religion, Depart the Abyss, Banish


You were on level 10 of the Dungeon.
You worshipped Lugonu.
Lugonu was most pleased with you.
You were a hulking beast.
You visited 1 branch of the dungeon, and saw 10 of its levels.
You visited the Abyss 1 time.

You collected 428 gold pieces.

Inventory:

Hand Weapons
 t - the +10 dagger "Hubroxzulasm" {flame, SInv}
   (You found it on level 3 of the Dungeon)

   SInv:      It lets you see invisible.
Missiles
 e - 5 throwing nets
Armour
 l - +1 ice dragon scales (worn)
Jewellery
 r - an amulet of regeneration (around neck)
 u - a ring of protection from fire
 D - a +6 ring of strength (right claw)
 G - a +6 ring of intelligence
 J - a +6 ring of dexterity
 L - a +4 ring of slaying (left claw)
 M - an amulet of faith
Talismans
 c - a beast talisman
 d - a flux talisman
Wands
 p - a wand of polymorph (9)
 w - a wand of charming (6)
 x - a wand of mindburst (26)
 I - a wand of digging (6)
 K - a wand of flame (15)
Scrolls
 g - a scroll of butterflies {unknown}
 h - 3 scrolls of teleportation
 j - 2 scrolls of fear
 k - 2 scrolls of fog
 s - a scroll of enchant weapon {unknown}
 v - a scroll of revelation {unknown}
 y - 4 scrolls of poison {unknown}
 A - a scroll of noise {unknown}
 B - 3 scrolls of identify
 E - a scroll of amnesia {unknown}
 H - a scroll of brand weapon {unknown}
Potions
 a - a potion of cancellation {unknown}
 b - a potion of lignification
 f - 2 potions of degeneration
 i - 2 potions of curing {unknown}
 m - 2 potions of berserk rage {unknown}
 n - 4 potions of haste {unknown}
 o - a potion of brilliance {unknown}
 q - 2 potions of enlightenment {unknown}
 z - 4 potions of heal wounds {unknown}
 C - a potion of attraction {unknown}
 F - a potion of invisibility {unknown}


   Skills:
 + Level 8.0 Fighting
 - Level 1.5 Dodging
 + Level 9.9 Unarmed Combat
 + Level 9.2 Shapeshifting


You had 9 spell levels left.
You didn't know any spells.
Your spell library contained the following spells:

 Spells                   Type           Power      Damage    Failure   Level
 Magic Dart               Conj           0%         1d3       80%         1
 Necrotise                Necr           0%         1d4       80%         1
 Shock                    Conj/Air       0%         1d3       80%         1
 Slow                     Hex            0%         N/A       80%         1
 Ensorcelled Hibernation  Hex/Ice        0%         N/A       91%         2
 Mercury Vapours          Alch/Air       0%         N/A       91%         2
 Passwall                 Alch/Erth      0%         N/A       91%         2
 Searing Ray              Conj           0%         2d4       91%         2
 Confusing Touch          Hex            0%         N/A       99%         3
 Gell's Gravitas          Tloc           0%         N/A       99%         3
 Mephitic Cloud           Conj/Alch/Air  0%         N/A       99%         3
 Sigil of Binding         Hex            0%         N/A       99%         3
 Swiftness                Air            0%         N/A       99%         3
 Teleport Other           Tloc           0%         N/A       99%         3
 Vampiric Draining        Necr           0%         2d6       99%         3
 Airstrike                Air            0%         2d(0-16)  100%        4
 Fulminant Prism          Conj/Alch      0%         3d5       100%        4
 Agony                    Necr           0%         N/A       100%        5
 Freezing Cloud           Conj/Ice/Air   0%         6-21      100%        5
 Dispersal                Tloc           0%         N/A       100%        6


Dungeon Overview and Level Annotations

Branches:
Dungeon (10/15)            Temple (0/1) D:6
   Lair: D:8-11         Orc: D:9-12

Altars:
Ashenzari
Hepliaklqana
Qazlal
Sif Muna
Uskayaw
Vehumet
The Shining One

Shops:
D:1 *   D:4 !


Innate Abilities, Weirdness & Mutations

You are a hulking beast.
Your limbs bulge with bestial killing power. (Slay +4)
You are too large for most types of armour.
You have claws for hands.
Your natural rate of healing is unusually fast.
You are covered in fur. (AC +1)
You have tough skin. (AC +1)


Message History

* * * LOW HITPOINT WARNING * * *
The orc closely misses you. The orc hits you but does no damage.
The orc priest looks satisfied for a moment.
The wolf bites you but does no damage.
The orc priest calls upon Beogh to heal the orc priest.
The orc priest is healed somewhat.
The orc priest closely misses you.
The orc priest splashes around in the water.
The warg bites you but does no damage.
As you read the scroll of teleportation, it crumbles to dust.
You feel strangely unstable. The wolf barely misses you.
The orc hits you but does no damage. The orc hits you with a +0 short sword.
* * * LOW HITPOINT WARNING * * *
The orc priest barely misses you. The warg bites you but does no damage.
The wolf bites you but does no damage.
The orc priest splashes around in the water.
Okay, then.
It was a potion of degeneration.
There was something very wrong with that liquid.
You feel weakened.
You feel dopey.
You feel clumsy. The wolf bites you but does no damage.
The warg bites you but does no damage. The orc closely misses you.
The orc priest hits you but does no damage.
The orc priest barely misses you. The wolf bites you but does no damage.
The warg bites you.
* * * LOW HITPOINT WARNING * * *
You mangle the orc priest!!
You kill the orc priest!
Lugonu accepts your kill. The orc completely misses you.
The orc hits you but does no damage. The orc barely misses you.
The wolf bites you.
* * * LOW HITPOINT WARNING * * *
The orc priest barely misses you. The warg bites you!
* * * LOW HITPOINT WARNING * * *
Okay, then.
You claw the orc priest! You claw the orc priest.
You kill the orc priest!
Lugonu accepts your kill.
You hear a splash.
The wolf bites you but does no damage. The warg bites you!
You die...

.......................
........................
...................>.>..
....................>...
............$...........
.............####...
.......o....## ...
....~..oh...# ..
...≈~~ohoo..#
..≈~≈~)oh.......
.~≈≈≈≈~o........
..~≈≈~~.?....#...
...≈~~.......##..
.$..~........# ##
...............
...............


You could see a warg, a wolf, 3 orc priests and 4 orcs.

Vanquished Creatures
  Harold (D:9)
  A kobold demonologist (D:9)
  Maggie (D:8)
  A troll (D:10)
  A shadow (D:9)
  A wraith (D:7)
  3 yaks (D:9)
  4 steam dragons
  The ghost of croobank the Firebug, an amateur DgFE (D:4)
  Menkaure (D:5)
  3 acid dragons
  A water moccasin (D:6)
  3 orc warriors
  An ice beast (D:7)
  2 black bears
  An ogre (D:4)
  A wolf (D:10)
  5 centaurs
  A phantom (D:6)
  2 bullfrogs
  2 kobold brigands
  A gnoll sergeant (D:7)
  4 scorpions
  3 wights (D:6)
  3 killer bees (D:9)
  3 howler monkeys
  2 electric eels (D:10)
  A hound (D:6)
  10 orc priests
  A bombardier beetle (D:4)
  2 jellies
  3 iguanas
  7 orc wizards
  8 adders
  9 gnolls
  A white imp (D:8)
  3 ufetubi (D:5)
  2 dart slugs
  24 orcs
  6 bats
  6 endoplasms
  4 giant cockroaches
  12 goblins
  4 hobgoblins
  14 jackals
  21 kobolds
  9 quokkas
  7 ball pythons
  4 frilled lizards
  4 rats
215 creatures vanquished.

Vanquished Creatures (others)
  A white imp (D:6)
1 creature vanquished.

Grand Total: 216 creatures vanquished

Notes
Turn   | Place    | Note
-------+----------+-------------------------------------------
     0 | D:1      | BigPumpCobain the Troll Shapeshifter began the quest for
                  | the Orb.
     0 | D:1      | Reached XP level 1. HP: 18/18 MP: 0/0
    23 | D:1      | Reached skill level 1 in Fighting
    35 | D:1      | Reached XP level 2. HP: 18/27 MP: 1/1
   237 | D:1      | Found a faded altar of an unknown god.
   303 | D:1      | Reached XP level 3. HP: 33/33 MP: 2/2
   505 | D:1      | Found Leihakk's Assorted Antiques.
  1135 | D:2      | Reached XP level 4. HP: 42/42 MP: 3/3
  1471 | D:3      | Found a stormy altar of Qazlal.
  1516 | D:3      | Identified the +10 dagger "Hubroxzulasm" {flame, SInv}
  2127 | D:4      | Reached XP level 5. HP: 47/50 MP: 4/4
  2164 | D:4      | Reached XP level 6. HP: 61/61 MP: 5/5
  2310 | D:4      | Found a runed translucent gate.
  2316 | D:4      | Reached skill level 5 in Unarmed Combat
  2316 | D:4      | Reached XP level 7. HP: 45/67 MP: 6/6
  2330 | D:4      | Found Hobruduu's Distillery.
  2330 | D:4      | Found a runed translucent gate.
  2330 | D:4      | Found a runed translucent gate.
  2333 | D:4      | Noticed croobank's ghost (amateur DgFE)
  2389 | D:4      | Reached skill level 5 in Shapeshifting
  2735 | D:4      | Killed croobank's ghost
  2812 | D:5      | Entered Level 5 of the Dungeon
  2915 | Abyss:2  | Cast into level 2 of the Abyss (gnoll)
  2922 | Abyss:2  | Found a corrupted altar of Lugonu.
  2933 | Abyss:2  | Found a corrupted altar of Lugonu.
  2934 | Abyss:2  | Found a corrupted altar of Lugonu.
  2934 | Abyss:2  | Noticed a large abomination
  2994 | Abyss:3  | Found a corrupted altar of Lugonu.
  3002 | Abyss:3  | Became a worshipper of Lugonu the Unformed
  3002 | Abyss:3  | Reached * piety under Lugonu
  3002 | Abyss:3  | Reached ** piety under Lugonu
  3004 | Abyss:3  | Noticed an orange demon
  3004 | D:5      | Escaped the Abyss
  3118 | D:5      | Noticed Menkaure
  3125 | D:5      | Killed Menkaure
  3162 | D:5      | Reached XP level 8. HP: 79/79 MP: 7/7
  3251 | D:5      | Found a hide-covered altar of Uskayaw.
  3645 | D:5      | Found a radiant altar of Vehumet.
  3645 | D:5      | Found a broken altar of Ashenzari.
  3883 | D:6      | Reached skill level 5 in Fighting
  4041 | D:6      | Reached XP level 9. HP: 89/89 MP: 8/8
  4213 | D:6      | Found a staircase to the Ecumenical Temple.
  4908 | D:7      | You fall into a shaft and drop 1 floor!
  4920 | D:8      | Noticed Maggie
  4926 | D:8      | Killed Maggie
  5218 | D:8      | Reached *** piety under Lugonu
  5344 | D:8      | Found a glowing golden altar of the Shining One.
  5344 | D:8      | Found a hazy altar of Hepliaklqana.
  5498 | D:9      | Reached XP level 10. HP: 102/102 MP: 9/9
  5695 | D:9      | Found a flagged portal.
  5946 | D:9      | Noticed Harold
  5965 | D:9      | Killed Harold
  6084 | D:9      | Found a shimmering blue altar of Sif Muna.
  6287 | D:10     | Entered Level 10 of the Dungeon
  6389 | D:10     | Slain by a warg

Illustrated notes

Levels and vault maps discovered:
D:1:      dpeg_arrival_shelter, layout_basic, basic_ecumenical_altar,
          serial_shops, shop
D:2:      minmay_inner_zag, layout_loops_corners
D:3:      layout_basic, mainiacjoe_overflow_paths, minivault_25,
          hangedman_decor_points
D:4:      layout_loops_ring, serial_shops, shop, gammafunk_ghost_nasty_kobolds
D:5:      layout_basic, nicolae_uskayaw_dance_hall,
          gammafunk_temple_overflow_statue, minmay_misc_feat_ornament,
          minmay_misc_feat_square, uniq_menkaure
D:6:      layout_basic, minmay_temple_entry_from_below_a,
          dreamdust_princess_corridor, nicolae_the_louvre
D:7:      layout_loops_cross, uniq_duvessa
D:8:      layout_rooms, chequers_temple_overflow_statue_of_worship,
          hangedman_glass_teeth, uniq_maggie
D:9:      layout_loops_corners, nicolae_sif_muna_condensation, enter_bailey_6,
          uniq_harold
D:10:     layout_big_octagon, nemelex_altar_shiori, erik_lair_orcish_takeover,
          orc_0_dummy, serial_column_ruins, column_ruins_temple_circle,
          column_ruins_open_medium, column_ruins_grid_4, column_ruins_open_tiny,
          column_ruins_columns_straight, column_ruins_open_small,
          column_ruins_open_small, column_ruins_grid_2, grunt_tough_drop,
          uniq_grum

Skill      XL: |  1  2  3  4  5  6  7  8  9 10 |
---------------+-------------------------------+-----
Fighting       | 1 2 3 4 5 7 8 |  8.0
Unarmed Combat | 4 5 6 7 8 9 |  9.9
Shapeshifting  | 4 5 6 8 9 |  9.2
Dodging        | |  1.5

Action                     |  1- 3 |  4- 6 |  7- 9 | 10-12 || total
---------------------------+-------+-------+-------+-------++-------
  Melee: Unarmed           |   117 |   127 |   244 |    94 ||   582
         Punch             |     2 |     3 |    13 |     5 ||    23
 Invoke: Depart the Abyss  |       |       |     1 |       ||     1
    Use: Scroll            |       |       |     5 |     1 ||     6
         Potion            |       |       |       |     1 ||     1
 Armour: Animal skin       |    77 |       |       |       ||    77
         Ice dragon scales |    16 |   135 |   226 |   115 ||   492
  Dodge: Dodged            |    66 |    54 |   107 |    49 ||   276

Table legend: (Time is in decaauts)
 A = Elapsed time spent in this place.
 B = Non-inter-level travel time spent in this place.
 C = Inter-level travel time spent in this place.
 D = Time resting spent in this place.
 E = Time spent auto-exploring this place.
 F = Levels seen in this place.
 G = Mean time per level.
                   A        B        C        D        E       F      G
               +--------+--------+--------+--------+--------+-----+--------+
         Total |   6318 |   5980 |    338 |     28 |   4757 |  12 |  526.5 |
       Dungeon |   6230 |   5892 |    338 |     28 |   4757 |  10 |  623.0 |
         Abyss |     88 |     88 |      0 |      0 |      0 |   2 |   44.0 |
               +--------+--------+--------+--------+--------+-----+--------+

Top non-repeatable levels by time:
     D:5: 918 daAuts
     D:9: 911 daAuts
     D:2: 890 daAuts
     D:6: 800 daAuts
     D:4: 721 daAuts
     D:3: 606 daAuts
     D:1: 569 daAuts
     D:8: 447 daAuts
     D:7: 268 daAuts
    D:10: 96 daAuts
 Abyss:2: 78 daAuts
 Abyss:3: 9 daAuts
